 Dungeon Crawl Stone Soup version 0.17.0-28-g6e173f8 (webtiles) character file.

905 HandofTrog the Skirmisher (level 7, -1/91 HPs)
             Began as a Demonspawn Gladiator on Nov 28, 2015.
             Slain by a hound (2 damage)
             ... on level 6 of the Dungeon.
             The game lasted 00:25:55 (5457 turns).

HandofTrog the Skirmisher (Demonspawn Gladiator)    Turns: 5457, Time: 00:25:55

Health: -1/91      AC: 23    Str: 22    XL:     7   Next: 80%
Magic:  7/7        EV:  5    Int: 15    God:
Gold:   190        SH:  0    Dex: 14    Spells: 0 memorised, 6 levels left

rFire  . . .     SeeInvis .     L - +0 lajatang
rCold  . . .     Clarity  .     (armour currently unavailable)
rNeg   + + +     SustAt   .     (shield currently unavailable)
rPois  +         Gourm    .     (helmet currently unavailable)
rElec  .         Spirit   .     (cloak currently unavailable)
rCorr  .         Warding  .     (gloves currently unavailable)
rMut   .         NoTele   +     (boots currently unavailable)
MR     .....                    p - amulet of rage
Stlth  +.........               (no ring)
                                i - +6 ring of intelligence

@: mighty, tree-form, not resistant to hostile enchantments, very unstealthy
A: (horns 0), repulsion field 2, (cold resistance 0)
a: Evoke Berserk Rage


You were on level 6 of the Dungeon.
You were hungry.
You were a tree.
You visited 1 branch of the dungeon, and saw 6 of its levels.
You also visited: Sewer.

You collected 385 gold pieces.
You spent 195 gold pieces at shops.

Inventory:

Hand Weapons
 a - a +0 quarterstaff
 t - a +1 dagger of speed
 C - a +0 blowgun
 G - a cursed +0 blowgun
 H - a +0 dagger of electrocution
 K - a +2 vampiric whip
 L - a +0 lajatang (weapon)
Missiles
 d - 3 throwing nets
 j - 10 tomahawks (quivered)
 B - 124 stones
 E - 8 poisoned needles
Armour
 b - a +0 leather armour
 c - a +0 helmet
 r - a +0 cloak (melded)
 s - a +0 chain mail
 v - a +0 ring mail (melded)
 N - a +0 plate armour
Magical Staves
 y - an uncursed staff of cold
Jewellery
 i - a +6 ring of intelligence (left branch)
 p - an amulet of rage (around neck)
 M - an uncursed amulet of clarity {unknown}
Wands
 k - a wand of slowing (23)
Scrolls
 m - 2 scrolls of random uselessness {unknown}
 o - 8 scrolls of remove curse
 q - 5 scrolls of teleportation {unknown}
 w - a scroll of immolation {unknown}
 z - 2 scrolls of blinking {unknown}
 I - a scroll of amnesia {unknown}
Potions
 f - 3 potions of mutation
 g - 7 potions of curing
 l - a potion of cancellation {unknown}
 u - 2 potions of brilliance
 F - a potion of magic {unknown}
 J - a potion of resistance {unknown}
Comestibles
 e - 5 bread rations
 x - 18 fruits
 A - a meat ration
 D - 4 beef jerkies


   Skills:
 - Level 7.7 Fighting
 + Level 5.2 Staves
 - Level 1.7 Throwing
 - Level 2.6 Dodging


You had 6 spell levels left.
You didn't know any spells.

Dungeon Overview and Level Annotations

Branches:
Dungeon (6/15)
 Temple: D:4-7

Altars:
Cheibriados
Gozag

Shops:
D:5 (


Innate Abilities, Weirdness & Mutations

((You have a pair of small horns on your head.))
You are surrounded by a moderate repulsion field (EV +3).
((Your flesh is cold resistant.))


Message History

The centaur hits you but does no damage.
The hound bites you but does no damage. The centaur hits you.
* * * LOW HITPOINT WARNING * * *
The hound completely misses you.
You hit the centaur but do no damage.
The centaur is severely wounded.
The centaur hits you.
* * * LOW HITPOINT WARNING * * *
The hound bites you but does no damage.
The centaur hits you but does no damage.
The hound bites you but does no damage.
You completely miss the centaur.
The centaur is severely wounded.
The centaur hits you but does no damage.
The hound bites you but does no damage. The centaur barely misses you.
Drink which item? (? for menu, Esc to quit)
It was a potion of might.
You feel very mighty all of a sudden. The hound bites you.
You die...

#...##
#...#.....#
#...#.....#
#...#..$..#
#...#.!.!.#
#...#..%..#
#...#.....#
#...#.hc..#
#...##♣..#
#....#..$#
##...#(..#
#...(..##
#....%.#
#...####
#####


You could see a centaur and a hound.

Vanquished Creatures
  Purgy (Sewer)
  A sky beast (D:6)
  An orc warrior (D:6)
  A hound (D:4)
  5 orc priests
  3 crimson imps
  An iguana (D:5)
  2 worker ants (D:4)
  Terence (D:3)
  A hound zombie (D:5)
  8 adders
  A gnoll (D:2)
  A shadow imp (D:4)
  An ooze (D:3)
  An adder skeleton (D:5)
  2 worms
  9 giant geckos
  17 orcs
  A ball python (D:2)
  5 bats
  12 goblins
  9 hobgoblins
  6 jackals (D:1)
  4 giant cockroaches
  7 giant newts
  13 kobolds
  A quokka (D:2)
  A quokka skeleton (D:5)
  A quokka zombie (D:5)
  9 rats
  A plant (D:5)
127 creatures vanquished.

Notes
Turn   | Place    | Note
--------------------------------------------------------------
     0 | D:1      | HandofTrog the Demonspawn Gladiator began the quest for the Orb.
     0 | D:1      | Reached XP level 1. HP: 16/16 MP: 1/1
   245 | D:1      | Gained mutation: You are surrounded by a mild repulsion field (EV +2). [demonic ancestry]
   245 | D:1      | Reached XP level 2. HP: 23/23 MP: 2/2
   354 | D:1      | Reached skill level 3 in Fighting
   796 | D:2      | Gained mutation: You have a pair of small horns on your head. [demonic ancestry]
   796 | D:2      | Reached XP level 3. HP: 27/29 MP: 3/3
   968 | D:2      | Reached skill level 4 in Fighting
  1350 | D:2      | Found a snail-covered altar of Cheibriados.
  1365 | D:2      | Gained mutation: You are surrounded by a moderate repulsion field (EV +3). [demonic ancestry]
  1365 | D:2      | Reached XP level 4. HP: 35/38 MP: 4/4
  1739 | D:3      | Found an opulent altar of Gozag.
  1745 | D:3      | Noticed Terence
  1754 | D:3      | Killed Terence
  1754 | D:3      | Reached skill level 5 in Fighting
  1786 | D:3      | Reached XP level 5. HP: 39/44 MP: 5/5
  2318 | D:4      | Reached skill level 6 in Fighting
  2496 | D:4      | Found a glowing drain.
  2508 | Sewer    | Entered a sewer
  2698 | Sewer    | Noticed Purgy
  2711 | Sewer    | Killed Purgy
  2711 | Sewer    | Gained mutation: Your flesh is cold resistant. [demonic ancestry]
  2711 | Sewer    | Reached XP level 6. HP: 37/53 MP: 6/6
  3130 | D:4      | Reached skill level 7 in Fighting
  4230 | D:5      | Entered Level 5 of the Dungeon
  4598 | D:5      | Reached XP level 7. HP: 43/61 MP: 7/7
  4772 | D:5      | Found Doasoadd's Weapon Shoppe.
  4787 | D:5      | Bought a +0 lajatang for 195 gold pieces
  5399 | D:6      | Reached skill level 5 in Staves
  5451 | D:6      | HP: 3/91 [centaur (5)]
  5455 | D:6      | HP: 1/91 [centaur (1)]
  5457 | D:6      | Slain by a hound

Action                   |  1- 3 |  4- 6 |  7- 9 || total
-------------------------+-------+-------+-------++-------
Melee: Quarterstaff      |   110 |   165 |    15 ||   290
       Staff             |       |    76 |       ||    76
       Lajatang          |       |       |    78 ||    78
Throw: Tomahawk          |     6 |    18 |     3 ||    27
Evoke: Wand              |       |     1 |       ||     1
  Use: Scroll            |       |     4 |       ||     4
       Potion            |       |       |     2 ||     2
 Stab: Sleeping          |     3 |     1 |       ||     4
  Eat: Chunk             |     1 |     4 |       ||     5
       Bread ration      |       |     1 |       ||     1
       Meat ration       |       |     1 |       ||     1
